 Dungeon Crawl Stone Soup version 0.31-a0-1172-g9944ec47dd (webtiles) character file.

Game seed: 16229968230806928815

13840 barkas the Martial Artist (level 11, -6/141 HPs)
             Began as a Demigod Shapeshifter on Dec 11, 2023.
             Mangled by a blink frog (8 damage)
             ... led by Prince Ribbit
             ... on level 1 of the Lair of Beasts.
             The game lasted 00:16:58 (11300 turns).

barkas the Martial Artist (Demigod Shapeshifter)   Turns: 11300, Time: 00:16:58

Health: -6/141     AC: 25    Str: 15    XL:     11   Next: 51%
Magic:  14/14      EV:  2    Int: 12    God:
Gold:   683        SH:  5    Dex: 25    Spells: 10/10 levels left

rFire   . .          .
                       - Unarmed
rCold   . . .        (no shield)
rNeg    . . .        m - melded +1 robe of Ziacoigu {rPois rC+ Str+2}
rPois   +            (helmet currently unavailable)
rElec   .            (cloak currently unavailable)
rCorr   .            (gloves currently unavailable)
SInv    .            (boots currently unavailable)
Will    +....        A - amulet of reflection
Stlth   ++           n - +4 ring of slaying
HPRegen 0.43/turn    v - +5 ring of evasion
MPRegen 0.14/turn

%: reflection
@: tree-form, invisible
A: stationary, stasis, torment immunity, boosted hp, high MP 1, forlorn, divine
attributes
a: no special abilities


You were on level 1 of the Lair of Beasts.
You were a tree.
You visited 2 branches of the dungeon, and saw 12 of its levels.

You collected 683 gold pieces.

Inventory:

Missiles
 h - 28 poisoned darts (quivered)
 u - 4 darts of dispersal
 F - 4 curare-tipped darts
Armour
 m - the +1 robe of Ziacoigu (melded) {rPois rC+ Str+2}
   (You found it on level 2 of the Dungeon)

   Str+2:     It affects your strength (+2).
   rC+:       It protects you from cold.
   rPois:     It protects you from poison
 q - a +0 cloak
 B - a +1 cloak
 E - a scarf of invisibility
Jewellery
 n - a +4 ring of slaying (left branch)
 v - a +5 ring of evasion (right branch)
 A - an amulet of reflection (around neck)
 I - a ring of willpower
Talismans
 c - a beast talisman
 d - a flux talisman
 k - a storm talisman
 t - a granite talisman
 J - a blade talisman
Wands
 p - a wand of polymorph (15)
 C - a wand of digging (3)
 M - a wand of roots (5)
Scrolls
 a - a scroll of enchant weapon {unknown}
 e - 5 scrolls of teleportation {unknown}
 g - 2 scrolls of butterflies {unknown}
 i - 2 scrolls of revelation {unknown}
 o - a scroll of amnesia {unknown}
 r - 6 scrolls of identify {unknown}
 w - 2 scrolls of noise {unknown}
 x - a scroll of immolation {unknown}
 y - a scroll of torment {unknown}
 H - a scroll of silence {unknown}
 K - a scroll of brand weapon {unknown}
 N - a scroll of enchant armour {unknown}
Potions
 f - 4 potions of curing
 j - 4 potions of heal wounds {unknown}
 l - a potion of ambrosia {unknown}
 z - a potion of cancellation {unknown}
 D - 2 potions of invisibility
 G - 3 potions of haste {unknown}
Miscellaneous
 L - a sack of spiders


   Skills:
 + Level 8.0 Fighting
 + Level 8.1 Dodging
 * Level 11.6 Unarmed Combat
 + Level 7.8 Shapeshifting


You had 10 spell levels left.
You didn't know any spells.
Your spell library contained the following spells:

 Spells                   Type           Power      Damage    Failure   Level
 Apportation              Tloc           0%         N/A       32%         1
 Necrotise                Necr           0%         1d4       32%         1
 Summon Small Mammal      Summ           0%         N/A       32%         1
 Blink                    Tloc           0%         N/A       45%         2
 Lesser Beckoning         Tloc           0%         N/A       45%         2
 Momentum Strike          Conj/Tloc      0%         3d8       45%         2
 Inner Flame              Hex/Fire       0%         N/A       69%         3
 Ozocubu's Armour         Ice            0%         N/A       69%         3
 Tukima's Dance           Hex            0%         N/A       69%         3
 Dimensional Bullseye     Hex/Tloc       0%         N/A       97%         4
 Flame Wave               Conj/Fire      0%         2d4       97%         4
 Iskenderun's Mystic Bla  Conj/Tloc      0%         2d3       97%         4
 Sticky Flame             Conj/Fire      0%         2d3       97%         4
 Summon Forest            Summ/Tloc      0%         N/A       100%        5
 Summon Mana Viper        Hex/Summ       0%         N/A       100%        5
 Summon Cactus Giant      Summ           0%         N/A       100%        6
 Ozocubu's Refrigeration  Ice            0%         4d7       100%        7


Dungeon Overview and Level Annotations

Branches:
Dungeon (10/15)            Temple (0/1) D:4            Lair (2/5) D:9
  Swamp: Lair:2-3    Shoals: Lair:2-3     Snake: Lair:2-3    Spider: Lair:2-3
    Orc: D:9-12

Shops:
D:3 (

Annotations:
D:1 1 runed translucent door
D:4 Grinder
D:5 1 runed translucent door, Crazy Yiuf
D:8 1 runed translucent door
D:10 Erolcha
Lair:1 exclusions: electric eel and 6 more exclusions
Lair:2 Prince Ribbit


Innate Abilities, Weirdness & Mutations

You are a tree.
Your roots penetrate the ground, keeping you stationary.
You cannot be teleported.
You are immune to unholy pain and torment.
Your maximum health is greatly increased.
Your equipment is partially melded.
You have an increased reservoir of magic. (+10% MP)
You shall have no god before yourself.
Your divine heritage dramatically boosts your attributes as you level up.


Message History

The blink frog is lightly wounded.
The black mamba bites you but does no damage.
The blink frog hits you but does no damage.
The black mamba bites you but does no damage.
You barely miss the blink frog.
The blink frog is lightly wounded.
The black mamba bites you!
* * * LOW HITPOINT WARNING * * *
The blink frog blinks!
You smack the black mamba!
The black mamba is heavily wounded.
The black mamba completely misses you. x2
You smack the black mamba!
The black mamba is severely wounded.
The black mamba bites you!
* * * LOW HITPOINT WARNING * * *
You closely miss the black mamba.
The black mamba is severely wounded.
The black mamba bites you!
* * * LOW HITPOINT WARNING * * *
The black mamba bites you.
* * * LOW HITPOINT WARNING * * *
You pummel the black mamba!!
You kill the black mamba!
Your Fighting skill increases to level 8!
You closely miss the blink frog.
The blink frog is lightly wounded.
The blink frog hits you but does no damage.
You pummel the blink frog!!
The blink frog is severely wounded.
The blink frog hits you!
* * * LOW HITPOINT WARNING * * *
It was a potion of curing.
You feel better. The blink frog completely misses you.
It was a potion of invisibility.
You fade into invisibility!
The blink frog hits you!
* * * LOW HITPOINT WARNING * * *
The blink frog hits you!
You die...

.....# #.............# #......
....>## ##.............####......
......###...............#........
......#P#..................#.....
......#......>............##.....
.........................###.....
........................## #####P
...............†........# ### ##.
................♣.....### #.###..
...............F†...### ###.....
..................### ####......#
.................## #.#.......#
............#...## ##.........
................# ###........#
................## ##.......####
.............)...####.....##P#
..............##..#....#######


You could see a blink frog (unable to see you).

Vanquished Creatures
  3 elephants (Lair:1)
  A black mamba (Lair:1)
  A rime drake (Lair:1)
  6 cane toads (Lair:1)
  3 komodo dragons
  A troll (D:9)
  A hornet (D:8)
  10 blink frogs (Lair:1)
  A wyvern (D:8)
  14 yaks
  A basilisk (Lair:1)
  Eustachio (D:6)
  2 water moccasins
  2 orc warriors
  3 black bears
  An ice beast (D:6)
  2 sky beasts (D:8)
  An ogre (D:4)
  6 wolves (Lair:1)
  5 centaurs
  2 phantoms (D:6)
  4 kobold brigands
  7 bullfrogs
  7 wights
  An electric eel (Lair:1)
  6 howler monkeys
  2 hounds
  3 jellies
  An orc priest (D:5)
  4 iguanas
  Jessica (D:2)
  2 sleepcaps
  4 gnolls (D:5)
  12 adders
  A white imp (D:7)
  6 ufetubi
  2 worms
  2 dart slugs (D:5)
  12 orcs
  5 bats
  A bat zombie (D:7)
  4 endoplasms
  2 giant cockroaches (D:1)
  7 goblins
  6 hobgoblins
  17 kobolds
  3 quokkas
  10 ball pythons
  2 frilled lizards (D:3)
  2 rats
  A rat zombie (D:7)
204 creatures vanquished.

Vanquished Creatures (collateral kills)
  An elephant (Lair:1)
  A blink frog (Lair:2)
  A wyvern (Lair:1)
  2 yaks (Lair:2)
  A water moccasin (Lair:2)
  2 hounds (D:6)
8 creatures vanquished.

Vanquished Creatures (others)
  A black mamba (Lair:1)
1 creature vanquished.

Grand Total: 213 creatures vanquished

Notes
Turn   | Place    | Note
-------+----------+-------------------------------------------
     0 | D:1      | barkas the Demigod Shapeshifter began the quest for the
                  | Orb.
     0 | D:1      | Reached XP level 1. HP: 15/15 MP: 3/3
     1 | D:1      | Found a runed translucent door.
   146 | D:1      | Reached skill level 1 in Fighting
   650 | D:1      | Reached XP level 2. HP: 23/23 MP: 4/4
   707 | D:1      | Reached skill level 3 in Unarmed Combat
  1194 | D:2      | Noticed Jessica
  1199 | D:2      | Killed Jessica
  1200 | D:2      | Reached XP level 3. HP: 23/28 MP: 5/5
  1426 | D:2      | Identified the +1 robe of Ziacoigu {rPois rC+ Str+2}
  1961 | D:3      | Reached XP level 4. HP: 36/36 MP: 6/6
  2178 | D:3      | Found Tugrecex's Weapon Shoppe.
  2509 | D:4      | Found a staircase to the Ecumenical Temple.
  2711 | D:4      | Noticed Grinder
  2763 | D:4      | Noticed an ogre
  2773 | D:4      | Killed an ogre
  2774 | D:4      | Reached skill level 4 in Unarmed Combat
  2774 | D:4      | Reached XP level 5. HP: 19/41 MP: 7/7
  3496 | D:5      | Entered Level 5 of the Dungeon
  3625 | D:5      | Reached XP level 6. HP: 41/50 MP: 8/8
  3941 | D:5      | Identified the +3 ring mail of the Sun {+Blink rC++}
  4363 | D:5      | Found a runed translucent door.
  4364 | D:5      | Noticed Crazy Yiuf
  4519 | D:6      | Reached skill level 5 in Unarmed Combat
  4634 | D:6      | Noticed a water moccasin
  4640 | D:6      | Reached XP level 7. HP: 52/57 MP: 9/9
  5059 | D:6      | Noticed Eustachio
  5391 | D:6      | Killed Eustachio
  5392 | D:6      | Reached skill level 6 in Unarmed Combat
  5621 | D:7      | Reached XP level 8. HP: 66/66 MP: 10/10
  5790 | D:7      | Reached skill level 7 in Unarmed Combat
  5883 | D:7      | Reached skill level 5 in Shapeshifting
  5924 | D:7      | Reached skill level 5 in Dodging
  6665 | D:8      | Noticed a hornet
  6673 | D:8      | Killed a hornet
  6674 | D:8      | Reached skill level 5 in Fighting
  6741 | D:8      | Reached XP level 9. HP: 74/74 MP: 11/11
  6763 | D:8      | Reached skill level 8 in Unarmed Combat
  7104 | D:8      | Noticed a sixfirhy
  7176 | D:8      | Found a runed translucent door.
  7651 | D:9      | Found a staircase to the Lair.
  7652 | D:9      | Noticed a komodo dragon
  7664 | D:9      | Killed a komodo dragon
  7735 | D:9      | Reached skill level 9 in Unarmed Combat
  8181 | D:9      | Reached XP level 10. HP: 74/83 MP: 13/13
  8534 | D:10     | Entered Level 10 of the Dungeon
  8805 | D:10     | Noticed Erolcha
  8890 | Lair:1   | Entered Level 1 of the Lair of Beasts
  9154 | Lair:1   | Noticed an elephant
  9175 | Lair:1   | Reached skill level 10 in Unarmed Combat
  9324 | Lair:1   | Noticed an elephant
  9328 | Lair:1   | Killed an elephant
  9329 | Lair:1   | Noticed a black mamba
  9334 | Lair:1   | Noticed an elephant
  9336 | Lair:1   | Noticed an elephant
  9338 | Lair:1   | Killed an elephant
  9342 | Lair:1   | Killed an elephant
  9352 | Lair:1   | Killed an elephant
  9579 | Lair:1   | Reached XP level 11. HP: 92/92 MP: 14/14
  9930 | Lair:1   | Reached skill level 11 in Unarmed Combat
 11255 | Lair:2   | Noticed a skyshark
 11278 | Lair:2   | Noticed Prince Ribbit
 11298 | Lair:1   | HP: 4/141 [blink frog[Prince Ribbit] (8)]
 11300 | Lair:1   | Mangled by a blink frog

Illustrated notes

Levels and vault maps discovered:
D:1:      dpeg_arrival_caged_fury, layout_loops_corners, fountainhead
D:2:      layout_loops_ring, basic_altar, grunt_decor_mini_mirrors,
          st_stairs_14, uniq_jessica
D:3:      layout_basic, mainiacjoe_overflow_alcove_2, serial_shops,
          nicolae_shop_just_a_little_nook,
          hellmonk_ecumenical_altar_heavens_door, st_stairs_10
D:4:      layout_basic, minmay_temple_entry_overgrown,
          corexii_item_surrounded_by_moat, uniq_grinder
D:5:      layout_loops_ring, general_overflow_altar,
          chequers_serial_rivers_marsh, grunt_decor_junction,
          uniq_crazy_yiuf_cottage
D:6:      layout_rooms, mainiacjoe_overflow_boulevard, grunt_qazlal_clouds,
          nicolae_half_adder, uniq_eustachio
D:7:      layout_loops_cross, trog_ov_bears_minmay,
          lemuel_zombie_altar_kikubaaqudgha, lemuel_tele_altar
D:8:      cheibrodos_shockbox, layout_rooms, marbit_many_paths,
          serial_corexii_hall, corexii_hall_statues_x, corexii_hall_statues_s
D:9:      layout_cave_pools, david_lair_shrubbed
D:10:     layout_roguey, nicolae_overflow_hidden_temple, orc_0_dummy,
          gammafunk_ghost_arena, hangedman_abyss_or_decor_passed, uniq_erolcha
Lair:1:   layout_cave_pods, disabler_island, serial_bayou_shore_a
Lair:2:   layout_cave_shapes, minmay_shoals_entry_hut,
          chequers_serial_rivers_marsh, lemuel_fruit_tree, uniq_fannar,
          uniq_prince_ribbit2

Skill      XL: |  1  2  3  4  5  6  7  8  9 10 11 |
---------------+----------------------------------+-----
Fighting       | 1 2 3 4 5 6 7 8 |  8.0
Dodging        | 2 3 4 5 6 7 8 |  8.1
Unarmed Combat | 3 4 5 6 7 9 10 11 | 11.6
Shapeshifting  | 3 4 5 6 7 |  7.8

Action                     |  1- 3 |  4- 6 |  7- 9 | 10-12 || total
---------------------------+-------+-------+-------+-------++-------
  Melee: Unarmed           |   108 |   137 |   272 |   239 ||   756
         Punch             |       |     3 |    14 |    18 ||    35
  Throw: Dart              |     3 |    15 |    23 |    19 ||    60
  Evoke: Wand              |       |     1 |       |    10 ||    11
    Use: Potion            |       |     1 |     3 |     4 ||     8
   Stab: Sleeping          |       |     2 |     2 |       ||     4
 Armour: Animal skin       |    38 |       |       |       ||    38
         Robe              |    11 |    59 |    86 |    73 ||   229
         Skin              |       |     4 |    22 |    29 ||    55
  Dodge: Dodged            |    74 |    64 |   203 |   168 ||   509
  Block: Other             |       |       |    37 |    43 ||    80
         Reflection        |       |       |     1 |     3 ||     4

Table legend: (Time is in decaauts)
 A = Elapsed time spent in this place.
 B = Non-inter-level travel time spent in this place.
 C = Inter-level travel time spent in this place.
 D = Time resting spent in this place.
 E = Time spent auto-exploring this place.
 F = Levels seen in this place.
 G = Mean time per level.
                   A        B        C        D        E       F      G
               +--------+--------+--------+--------+--------+-----+--------+
         Total |  11217 |  10816 |    401 |   2118 |   6764 |  12 |  934.8 |
       Dungeon |   9004 |   8655 |    349 |   1237 |   5876 |  10 |  900.4 |
          Lair |   2213 |   2161 |     52 |    881 |    887 |   2 | 1106.5 |
               +--------+--------+--------+--------+--------+-----+--------+

Top non-repeatable levels by time:
  Lair:1: 2183 daAuts
     D:9: 1117 daAuts
     D:8: 1110 daAuts
     D:6: 1082 daAuts
     D:5: 1021 daAuts
     D:4: 984 daAuts
     D:2: 886 daAuts
     D:1: 874 daAuts
     D:7: 859 daAuts
     D:3: 739 daAuts
    D:10: 328 daAuts
  Lair:2: 30 daAuts
